 Dungeon Crawl Stone Soup version 0.24-a0-778-g74da537585 (webtiles) character file.

Game seed: 8575357162764080255, levelgen mode: deterministic

41 Gildeon the Poker (level 3, -1/29 HPs)
             Began as a Formicid Fighter on Oct 7, 2019.
             Was an Initiate of Makhleb.
             Killed by nerve-wracking pain
             ... invoked by Jessica
              (14 damage)
             ... on level 2 of the Dungeon.
             The game lasted 00:04:02 (1239 turns).

Gildeon the Poker (Formicid Fighter)                Turns: 1239, Time: 00:04:03

Health: -1/29      AC:  6    Str: 21    XL:     3   Next: 75%
Magic:  3/3        EV:  7    Int:  7    God:    Makhleb [......]
Gold:   127        SH:  9    Dex: 10    Spells: 2/2 levels left

rFire    . . .     SeeInvis +   a - +0 trident
rCold    . . .     Gourm    .   c - +0 shield
rNeg     . . .     Faith    .   b - +0 scale mail
rPois    .         Spirit   .   (helmet unavailable)
rElec    .         Reflect  .   (no cloak)
rCorr    .         Harm     .   (no gloves)
MR       .....                  (no boots)
Stlth    ..........             (no amulet)
HPRegen  0.09/turn              (no ring)
MPRegen  0.08/turn              (no ring)

@: no status effects
A: permanent stasis, dig shafts and tunnels, four strong arms, antennae 3
a: Dig, Shaft Self, Renounce Religion


You were on level 2 of the Dungeon.
You worshipped Makhleb.
Makhleb was noncommittal.
You were not hungry.

You visited 1 branch of the dungeon, and saw 2 of its levels.

You collected 127 gold pieces.

Inventory:

Hand Weapons
 a - a +0 trident (weapon)
Armour
 b - a +0 scale mail (worn)
 c - a +0 shield (worn)
Scrolls
 e - a scroll of identify {unknown}
 g - a scroll of teleportation {unknown}
 h - a scroll of noise {unknown}
 i - a scroll of enchant weapon {unknown}
 m - a scroll of immolation {unknown}
Potions
 d - 2 potions of might
 j - 2 potions of agility {unknown}
 k - a potion of magic {unknown}
 l - a potion of resistance {unknown}
Comestibles
 f - 7 rations


   Skills:
 - Level 3.2 Fighting
 + Level 3.8 Polearms
 - Level 3.2 Armour
 - Level 3.6 Shields


You had 2 spell levels left.
You didn't know any spells.
Your spell library was empty.

Dungeon Overview and Level Annotations

Branches:
Dungeon (2/15)

Altars:
Makhleb
Zin

Annotations:
D:2 Jessica


Innate Abilities, Weirdness & Mutations

You cannot be hasted, slowed, berserked, paralysed or teleported.
You can dig through walls and to a lower floor.
Your four strong arms can wield two-handed weapons with a shield.
You have a pair of large antennae on your head. (SInv)


Message History

Jessica the Apprentice Sorceress comes into view.
Jessica shouts!
Jessica hits you but does no damage.
You puncture Jessica!
Jessica is severely wounded.
Jessica gestures at you while chanting. Pain shoots through your body!
Your shield and scale mail prevent you from hitting Jessica.
Jessica is severely wounded.
Jessica casts a spell.
Jessica blinks!
Jessica says, "Why did you come here?"
Jessica casts a spell.
Jessica blinks!
Jessica gestures at you while chanting. Pain shoots through your body!
Found a ration.
Jessica points at you and mumbles some strange words.
Pain shoots through your body!
You die...

##########
.........###########
#%...@@...........#
#.#####.#########.#
#.# #######.#####
#.# #...........#
#.# #.#####.###.#
#.# #.# #.# #.# #
#.# #.# ..###. #.#
#.# #...####.# #.#


You could see Jessica.

Vanquished Creatures
  3 dart slugs (D:1)
  2 bats (D:1)
  A giant cockroach (D:1)
  5 goblins (D:1)
  5 hobgoblins
  8 kobolds
  A ball python (D:1)
  4 frilled lizards
  3 rats (D:1)
32 creatures vanquished.

Notes
Turn   | Place    | Note
-------+----------+-------------------------------------------
     0 | D:1      | Gildeon the Formicid Fighter began the quest for the Orb.
     0 | D:1      | Reached XP level 1. HP: 18/18 MP: 1/1
    58 | D:1      | Reached XP level 2. HP: 24/24 MP: 2/2
   516 | D:1      | Reached XP level 3. HP: 25/29 MP: 3/3
  1051 | D:2      | Found a burning altar of Makhleb.
  1056 | D:2      | Found a glowing silver altar of Zin.
  1057 | D:2      | Noticed a blizzard demon
  1057 | D:2      | Noticed an angel
  1061 | D:2      | Became a worshipper of Makhleb the Destroyer
  1230 | D:2      | Noticed Jessica
  1239 | D:2      | Killed from afar by Jessica

Levels and vault maps discovered:
D:1:      psy_arrival_basics, layout_basic, minmay_octomino_c4
D:2:      layout_loops_ring, grunt_temple_overflow_order_and_chaos_2,
          minmay_splitting_lines, uniq_jessica

Skill      XL: |  1  2 |
---------------+-------+-----
Polearms       | 3 |  3.8
Fighting       | |  3.2
Armour         | |  3.2
Shields        | |  3.6

Action                   || total
-------------------------++-------
Melee: Trident           ||    88
  Use: Scroll            ||     3
  Eat: Chunk             ||     1
Armor: Scale mail        ||    23
Dodge: Dodged            ||    14
Block: Shield            ||    40

Table legend:
 A = Non-vault XP
 B = Vault XP
 C = Vault XP percentage of total XP
 D = Non-vault monster count
 E = Vault monster count
 F = Vault count percentage of total count
                 A         B        C        D         E       F
            +---------+---------+-------+---------+---------+-------
      Total |      47 |      12 |  20.3 |      26 |       6 |  18.8
            +---------+---------+-------+---------+---------+-------
        D:1 |      37 |      12 |  24.5 |      19 |       6 |  24.0
        D:2 |      10 |       0 |   0.0 |       7 |       0 |   0.0
            +---------+---------+-------+---------+---------+-------
